 Dungeon Crawl Stone Soup version 0.26.1-2-gb8aa6d0cf2 (webtiles) character file.

Game seed: 11842237718249920310

2034 phalm the Geomancer (level 9, -3/48 HPs)
             Began as a Gargoyle Earth Elementalist on Mar 4, 2021.
             Was a Follower of Vehumet.
             Slain by a killer bee (7 damage)
             ... on level 7 of the Dungeon.
             The game lasted 00:23:00 (6649 turns).

phalm the Geomancer (Gargoyle Earth Elementalist)   Turns: 6649, Time: 00:23:02

Health: -3/48      AC: 10    Str: 11    XL:     9   Next: 24%
Magic:  3/18       EV: 12    Int: 20    God:    Vehumet [*.....]
Gold:   271        SH:  0    Dex: 10    Spells: 11/20 levels left

rFire    + . .     SeeInvis .   t - +2 whip (elec)
rCold    + . .     Faith    .   (no shield)
rNeg     + . .     Spirit   .   s - +1 robe {rC+ rF+}
rPois    ∞         Reflect  .   y - +0 hat
rElec    +         Harm     .   (no cloak)
rCorr    .         Rampage  .   z - +0 pair of gloves
Will     .....                  (no boots)
Stlth    ++........             (no amulet)
HPRegen  0.16/turn              (no ring)
MPRegen  0.16/turn              (no ring)

@: no status effects
A: negative energy resistance 1, electricity resistance, unbreathing,
petrification resistance, miasma immunity, AC +6
a: Renounce Religion


You were on level 7 of the Dungeon.
You worshipped Vehumet.
Vehumet was aware of your devotion.
You visited 1 branch of the dungeon, and saw 7 of its levels.

You collected 271 gold pieces.

Inventory:

Hand Weapons
 t - a +2 whip of electrocution (weapon)
Missiles
 b - 53 stones
Armour
 l - a +2 robe of willpower
 s - a +1 robe of resistance (worn)
 y - a +0 hat (worn)
 z - a +0 pair of gloves (worn)
Wands
 q - a wand of random effects (31)
 r - a wand of enslavement (6)
Scrolls
 a - 8 scrolls of remove curse
 e - a scroll of enchant armour {unknown}
 g - 3 scrolls of enchant weapon {unknown}
 h - a scroll of fear {unknown}
 i - 2 scrolls of teleportation {unknown}
 j - 2 scrolls of magic mapping {unknown}
 k - 6 scrolls of identify {unknown}
 p - a scroll of fog {unknown}
 u - a scroll of immolation {unknown}
 w - a scroll of blinking {unknown}
 A - a scroll of amnesia {unknown}
Potions
 c - a potion of might {unknown}
 d - a potion of heal wounds
 f - 4 potions of haste
 m - 4 potions of curing
 n - 4 potions of brilliance {unknown}
 o - a potion of berserk rage {unknown}
 v - a potion of attraction {unknown}
 x - a potion of invisibility {unknown}
 B - a potion of mutation {unknown}


   Skills:
 + Level 1.9 Fighting
 - Level 0.1(1.0) Maces & Flails
 + Level 1.6(1.7) Staves
 + Level 2.0 Armour
 + Level 2.2 Dodging
 - Level 2.1 Stealth
 + Level 6.1 Spellcasting
 + Level 6.5 Conjurations
 - Level 0.7 Transmutations
 * Level 8.8 Earth Magic


You had 11 spell levels left.
You knew the following spells:

 Your Spells              Type           Power        Failure   Level
a - Sandblast             Erth           82%          1%          1
b - Stone Arrow           Conj/Erth      72%          1%          3
c - Lee's Rapid Deconstr  Erth           20%          8%          5

Your spell library contained the following spells:

 Spells                   Type           Power        Failure   Level
 Shock                    Conj/Air       76%          2%          1
 Passwall                 Tmut/Erth      20%          2%          2
 Petrify                  Tmut/Erth      25%          14%         4


Dungeon Overview and Level Annotations

Branches:
Dungeon (7/15)             Temple (0/1) D:7

Altars:
Fedhas
Makhleb
Nemelex Xobeh
Okawaru
Vehumet
Xom


Innate Abilities, Weirdness & Mutations

You are resistant to torment.
Your stone body is resilient. (AC +6)
You are immune to poison.
You resist negative energy. (rN+)
You are resistant to electric shocks. (rElec)
You can survive without breathing.
You are immune to petrification.
You are immune to miasma.


Message History

The orc warrior barely misses you. The killer bee closely misses you.
You hit the killer bee.
Lightning courses through the killer bee!
You kill the killer bee!
Vehumet accepts your kill. The killer bee closely misses you.
The orc warrior closely misses you. The killer bee closely misses you.
Your Armour skill increases to level 2!
You barely miss the killer bee. The killer bee misses you.
The killer bee stings you.
You miss the killer bee.
The killer bee stings you but does no damage.
The orc warrior hits you with a +4 scimitar!
* * * LOW HITPOINT WARNING * * *
The killer bee stings you.
* * * LOW HITPOINT WARNING * * *
You miss the killer bee. The killer bee stings you.
* * * LOW HITPOINT WARNING * * *
The orc warrior closely misses you. The killer bee stings you!
You die...

##.......#...# ##.. #...Z.#
.#...........###... ###.....#
...#..........##...###.......##
....#.....##..#..................
..)...[...#........#............#
#........#......## ##..........##
#^...............####.......##..#
......#..........o##........# ..#
>....##...#.....@...)...(..... #.
....##...##.#..##y)............
...###......#..##........##....
##.# #....###........##### #.# #
## #.....###.....###
##...............#
##....#...###....# ###..#.#.#
#..## ......#.# ...#


You could see an orc warrior and a killer bee.

Vanquished Creatures
  Pikel (D:4)
  A wraith (D:6)
  An orc warrior (D:6)
  3 sky beasts
  2 ogres
  A necrophage (D:6)
  A centaur (D:4)
  Blork the orc (D:4)
  A scorpion (D:6)
  3 killer bees (D:7)
  2 jellies
  A gnoll shaman (D:5)
  An orc priest (D:5)
  An orc wizard (D:7)
  A centaur skeleton (D:4)
  4 worker ants
  A hound skeleton (D:5)
  4 gnolls (D:5)
  5 adders
  2 howler monkey skeletons (D:6)
  2 shadow imps
  2 white imps
  An ufetubus (D:6)
  An ooze (D:1)
  An adder zombie (D:5)
  2 worms
  2 dart slugs
  2 leopard geckos
  17 orcs
  A giant cockroach (D:1)
  16 goblins
  5 hobgoblins
  14 jackals
  12 kobolds
  3 quokkas
  2 ball pythons
  3 bats
  5 frilled lizards
  3 leopard gecko skeletons
  5 rats
136 creatures vanquished.

Notes
Turn   | Place    | Note
-------+----------+-------------------------------------------
     0 | D:1      | phalm the Gargoyle Earth Elementalist began the quest for
                  | the Orb.
     0 | D:1      | Reached XP level 1. HP: 10/10 MP: 3/3
   170 | D:1      | Reached skill level 4 in Earth Magic
   206 | D:1      | Reached XP level 2. HP: 15/15 MP: 1/5
   498 | D:1      | Reached XP level 3. HP: 19/19 MP: 4/6
  1360 | D:2      | Reached XP level 4. HP: 23/24 MP: 0/8
  1675 | D:2      | Found an iron altar of Okawaru.
  1773 | D:2      | Reached skill level 5 in Earth Magic
  2306 | D:3      | Found a radiant altar of Vehumet.
  2306 | D:3      | Found a burning altar of Makhleb.
  2308 | D:3      | Found a sparkling altar of Nemelex Xobeh.
  2313 | D:3      | Became a worshipper of Vehumet
  2339 | D:3      | Found a shimmering altar of Xom.
  2574 | D:3      | Reached XP level 5. HP: 28/28 MP: 8/10
  3019 | D:4      | Found a blossoming altar of Fedhas.
  3071 | D:4      | Noticed Blork the orc
  3103 | D:4      | Killed Blork the orc
  3455 | D:4      | Noticed a centaur
  3463 | D:4      | Killed a centaur
  3464 | D:4      | Reached skill level 1 in Conjurations
  3464 | D:4      | Reached skill level 6 in Earth Magic
  3464 | D:4      | Reached XP level 6. HP: 21/32 MP: 9/12
  3469 | D:4      | Learned a level 3 spell: Stone Arrow
  3728 | D:4      | Learned a level 5 spell: Lee's Rapid Deconstruction
  4147 | D:4      | Noticed Pikel
  4203 | D:4      | Killed Pikel
  4204 | D:4      | Reached skill level 5 in Spellcasting
  4204 | D:4      | Reached skill level 7 in Earth Magic
  4204 | D:4      | Reached XP level 7. HP: 22/36 MP: 3/14
  4626 | D:5      | Entered Level 5 of the Dungeon
  4716 | D:5      | Reached XP level 8. HP: 17/41 MP: 5/15
  4905 | D:5      | Reached * piety under Vehumet
  4905 | D:5      | Offered knowledge of Shock by Vehumet.
  5055 | D:5      | Got an ichor-stained leather armour
  5066 | D:5      | Identified the cursed +0 leather armour "Wylegol" {rElec}
                  | (You found it on level 5 of the Dungeon)
  5495 | D:6      | Noticed a wraith
  5575 | D:6      | Reached skill level 5 in Conjurations
  5698 | D:6      | Killed a wraith
  5699 | D:6      | Reached skill level 8 in Earth Magic
  6203 | D:6      | Reached skill level 1 in Fighting
  6203 | D:6      | Reached skill level 1 in Armour
  6221 | D:6      | Reached skill level 1 in Staves
  6446 | D:6      | Reached XP level 9. HP: 47/47 MP: 16/18
  6544 | D:7      | Found a staircase to the Ecumenical Temple.
  6649 | D:7      | Slain by a killer bee

Illustrated notes

Levels and vault maps discovered:
D:1:      minmay_arrival_loop, layout_basic
D:2:      layout_basic, kennysheep_okawaru_gauntlet, serial_corexii_hall,
          corexii_hall_statues_i, chequers_hall_statues_wall_a,
          corexii_hall_statues_deadend, chequers_hall_statues_y
D:3:      corexii_shack_village, layout_rooms, nicolae_overflow_quartered_altars
D:4:      layout_loops_corners, lemuel_round_altar, uniq_pikel,
          uniq_blork_the_orc
D:5:      layout_cave_pools, serial_glass, glass_columns_a, glass_columns_c
D:6:      layout_rooms, serial_co_window_serial, co_window_corner_a,
          co_window_of_opportunity_a, co_window_corner_a, co_window_corner_a,
          co_window_of_opportunity_a, co_window_corner_a, co_window_2corner,
          co_window_2corner, co_window_corner_b, glass_columns_b,
          glass_columns_c
D:7:      layout_cave_pools, minmay_temple_entry_drinking_statues, hex_medium

Skill      XL: |  1  2  3  4  5  6  7  8  9 |
---------------+----------------------------+-----
Earth Magic    | 4 5 6 7 8 |  8.8
Spellcasting   | 3 4 5 6 |  6.1
Conjurations   | 1 3 4 6 |  6.5
Fighting       | 1 |  1.9
Armour         | 1 2 |  2.0
Staves         | 1 |  1.6
Dodging        | 2 |  2.2
Maces & Flails | |  0.1
Stealth        | |  2.1
Transmutations | |  0.7

Action                   |  1- 3 |  4- 6 |  7- 9 || total
-------------------------+-------+-------+-------++-------
Melee: Whip              |    22 |    27 |    57 ||   106
 Cast: Sandblast         |    53 |    50 |    57 ||   160
       Stone Arrow       |       |     7 |     3 ||    10
       Lee's Rapid Decon |       |     2 |     9 ||    11
Evoke: Wand              |       |     1 |       ||     1
  Use: Potion            |       |       |     4 ||     4
       Scroll            |       |       |     1 ||     1
Armor: Robe              |    24 |    19 |    30 ||    73
Dodge: Dodged            |    39 |    19 |    63 ||   121
